 Dungeon Crawl Stone Soup version 0.23-a0-183-gf37f6fb (webtiles) character file.

69 namelastname112 the Sneak (level 4, -4/37 HPs)
             Began as a Draconian Assassin on Sept 21, 2018.
             Slain by a goblin (6 damage)
             ... led by Robin
             ... on level 2 of the Dungeon.
             The game lasted 00:01:59 (1243 turns).

namelastname112 the Sneak (Draconian Assassin)      Turns: 1243, Time: 00:02:00

Health: -4/37      AC:  6    Str: 13    XL:     4   Next: 2%
Magic:  4/4        EV: 12    Int: 12    God:
Gold:   49         SH:  0    Dex: 13    Spells: 3/3 levels left

rFire    . . .     SeeInvis .   a - +2 dagger
rCold    . . .     Gourm    .   (no shield)
rNeg     . . .     Faith    .   (armour unavailable)
rPois    .         Spirit   .   (helmet restricted)
rElec    .         Reflect  .   c - +0 cloak
rCorr    .         Harm     .   (no gloves)
MR       .....                  (no boots)
Stlth    ++........             (no amulet)
HPRegen  0.12/turn              (no ring)
MPRegen  0.09/turn              (no ring)

@: no status effects
A: unfitting armour, cold-blooded, AC +5
a: no special abilities


You were on level 2 of the Dungeon.
You were very hungry.

You visited 1 branch of the dungeon, and saw 2 of its levels.

You collected 49 gold pieces.

Inventory:

Hand Weapons
 a - a +2 dagger (weapon)
 b - a +0 blowgun
Missiles
 d - 28 poisoned needles
 e - 2 curare-tipped needles
 i - 2 throwing nets (quivered)
 o - 4 needles of frenzy
Armour
 c - a +0 cloak (worn)
Scrolls
 g - a scroll of blinking {unknown}
 h - 3 scrolls of identify {unknown}
 k - a scroll of teleportation {unknown}
 l - a scroll of immolation {unknown}
 m - a scroll of amnesia {unknown}
 n - 2 scrolls of remove curse {unknown}
 p - a scroll of magic mapping {unknown}
Comestibles
 f - 2 rations


   Skills:
 + Level 2.8 Fighting
 * Level 2.9 Short Blades
 + Level 2.2 Throwing
 + Level 1.5 Dodging
 + Level 3.9 Stealth


You had 3 spell levels left.
You didn't know any spells.
Your spell library was empty.

Dungeon Overview and Level Annotations

Branches:
Dungeon (2/15)

Altars:

Annotations:
D:2 Robin


Innate Abilities, Weirdness & Mutations

Your plain brown scales are hard. (AC +5)
You cannot fit into any form of body armour.
You are cold-blooded and may be slowed by cold attacks.


Message History

You are too injured to fight recklessly!
The goblin closely misses you. The hobgoblin closely misses you.
Robin says, "Kneel, worm!"
Robin misses you.
You see here a club.
The hobgoblin hits you.
* * * LOW HITPOINT WARNING * * *
You take 3 damage, and have 10/37 hp.
You barely miss Robin.
Robin is severely wounded.
The goblin hits you.
* * * LOW HITPOINT WARNING * * *
The hobgoblin hits you.
* * * LOW HITPOINT WARNING * * *
Robin misses you.
You take 8 damage, and have 2/37 hp.
MASSIVE DAMAGE!!
You barely miss Robin.
Robin is severely wounded.
The hobgoblin barely misses you. The goblin hits you.
You die...

#<###.##############
######.# #...............
#....(.###.#############.
#.####............ #. #.#
#.##########. ## #†# #.#
#.# #)## #(# #.g##
#(####>g@## ##(##...g..#
###.).#..#.#.##
#.............# .
#)#...##.#.#..# .
#.##.###.(....# .
#.##.#.....##.# .
#.##.#.>...##.# .. .
#.##.......##.# .# . .


You could see Robin, a hobgoblin and a goblin.

Vanquished Creatures
  An adder (D:2)
  A worm (D:2)
  A dart slug (D:1)
  2 leopard geckos (D:1)
  2 giant cockroaches (D:1)
  7 goblins
  8 hobgoblins
  9 jackals
  7 kobolds
  A ball python (D:1)
  2 bats
  2 frilled lizards (D:1)
  4 rats
47 creatures vanquished.

Notes
Turn   | Place    | Note
-------+----------+-------------------------------------------
     0 | D:1      | namelastname112 the Draconian Assassin began the quest for
                  | the Orb.
     0 | D:1      | Reached XP level 1. HP: 17/17 MP: 1/1
    53 | D:1      | Reached skill level 1 in Dodging
    78 | D:1      | Reached XP level 2. HP: 20/25 MP: 2/2
   476 | D:1      | Reached XP level 3. HP: 25/30 MP: 3/3
   925 | D:2      | Noticed Robin
  1230 | D:2      | Reached XP level 4. HP: 30/37 MP: 4/4
  1243 | D:2      | Slain by a goblin

Vault maps used:
D:1:      minmay_arrival_hallway, minmay_stone_trees_small
D:2:      grunt_temple_overflow_open, serial_glass, glass_columns_c,
          glass_columns_b, glass_columns_a, glass_columns_b, glass_columns_a,
          glass_columns_a, glass_columns_a, glass_columns_a, glass_columns_a,
          glass_columns_a, glass_columns_a, glass_columns_a, glass_columns_b,
          glass_columns_b, uniq_robin

Skill      XL: |  1  2 |
---------------+-------+-----
Dodging        | 1 |  1.5
Throwing       | 2 |  2.2
Fighting       | |  2.8
Short Blades   | |  2.9
Stealth        | |  3.9

Action                   |  1- 3 |  4- 6 || total
-------------------------+-------+-------++-------
Melee: Dagger            |   134 |    11 ||   145
       Tailslap          |    11 |     2 ||    13
  Use: Potion            |     1 |       ||     1
 Stab: Sleeping          |     4 |       ||     4
       Distracted        |     1 |       ||     1
Armor: Skin              |    61 |     8 ||    69
Dodge: Dodged            |   114 |    18 ||   132

Table legend:
 A = Non-vault XP
 B = Vault XP
 C = Vault XP percentage of total XP
 D = Non-vault monster count
 E = Vault monster count
 F = Vault count percentage of total count
                 A         B        C        D         E       F
            +---------+---------+-------+---------+---------+-------
      Total |      83 |      16 |  16.2 |      39 |       8 |  17.0
            +---------+---------+-------+---------+---------+-------
        D:1 |      51 |       0 |   0.0 |      28 |       0 |   0.0
        D:2 |      32 |      16 |  33.3 |      11 |       8 |  42.1
            +---------+---------+-------+---------+---------+-------
